 Dungeon Crawl Stone Soup version 0.25-a0-424-g80bd347ae0 (webtiles) character file.

Game seed: 8120304774897605332, levelgen mode: deterministic

420 kae the Gusty (level 6, -7/45 HPs)
             Began as a Draconian Air Elementalist on Jan 23, 2020.
             Mangled by Prince Ribbit (17 damage)
             ... on level 5 of the Dungeon.
             The game lasted 00:04:26 (4468 turns).

kae the Gusty (Draconian Air Elementalist)          Turns: 4468, Time: 00:04:27

Health: -7/45      AC:  6    Str: 10    XL:     6   Next: 62%
Magic:  2/11       EV: 17    Int: 23    God:
Gold:   184        SH:  0    Dex: 20    Spells: 2/12 levels left

rFire    x . .     SeeInvis .   j - +0 dagger (drain)
rCold    + . .     Gourm    .   (no shield)
rNeg     . . .     Faith    .   (armour unavailable)
rPois    .         Spirit   .   (helmet restricted)
rElec    .         Reflect  .   (no cloak)
rCorr    .         Harm     .   (no gloves)
MR       .....                  (no boots)
Stlth    +++.......             (no amulet)
HPRegen  0.15/turn              c - +4 ring of dexterity
MPRegen  0.12/turn              p - ring of ice

@: brilliant, agile, marked, very slightly contaminated, hasted, invisible, very
quick
A: unfitting armour, cold-blooded, AC +6
a: no special abilities


You were on level 5 of the Dungeon.
You were not hungry.

You visited 1 branch of the dungeon, and saw 5 of its levels.

You collected 184 gold pieces.

Inventory:

Hand Weapons
 j - a +0 dagger of draining (weapon)
Missiles
 o - 2 silver boomerangs (quivered)
Jewellery
 c - a +4 ring of dexterity (left hand)
 d - an uncursed ring of flight
 p - a ring of ice (right hand)
Scrolls
 h - 3 scrolls of remove curse
Potions
 i - a potion of curing
 k - a potion of magic
 l - a potion of brilliance
Comestibles
 b - 10 rations


   Skills:
 - Level 1.7 Dodging
 - Level 1.7 Stealth
 + Level 3.7 Spellcasting
 - Level 3.0 Conjurations
 * Level 5.9 Air Magic


You had 2 spell levels left.
You knew the following spells:

 Your Spells              Type           Power        Failure   Level  Hunger
a - Shock                 Conj/Air       ####         1%          1    None
b - Swiftness             Chrm/Air       ####....     1%          2    #......
c - Static Discharge      Conj/Air       #####...     1%          3    ###....
d - Airstrike             Air            #####.....   1%          4    ####...

Your spell library contained the following spells:

 Spells                   Type           Power        Failure   Level  Hunger
 Lightning Bolt           Conj/Air       #####.....   5%          5    ######.


Dungeon Overview and Level Annotations

Branches:
Dungeon (5/15)
 Temple: D:4-7

Altars:
Cheibriados
Hepliaklqana
The Shining One

Annotations:
D:4 exclusion: phantom
D:5 Duvessa, Grinder, Menkaure, Prince Ribbit


Innate Abilities, Weirdness & Mutations

Your plain brown scales are hard. (AC +6)
You cannot fit into any form of body armour.
You are cold-blooded and may be slowed by cold attacks.


Message History

Casting: Static Discharge (safe; 1% risk of failure)
Confirm with . or Enter, or press ? or * to list all spells.
The orc is struck by an arc of lightning!
You kill the orc!
The worker ant is struck by an arc of lightning.
The worker ant is severely wounded.
The orc is struck by an arc of lightning.
The orc is severely wounded.
The lightning grounds out.
The worker ant is struck by an arc of lightning.
You kill the worker ant!
The orc is struck by an arc of lightning.
You kill the orc!
You are struck by an arc of lightning.
* * * LOW HITPOINT WARNING * * *
The lightning grounds out.
A shadow imp comes into view.
An orc wizard comes into view. It is wielding a +0 dagger.
Prince Ribbit hits you!
You die...

#o...##./....
#.........o..
####.#..W.#.....
.....##...#c.#
......##5.S..#
..#......#..###...
. #........(.#
##...#)oF..#
######@){## #####


You could see Prince Ribbit, a phantom, a centaur, an orc wizard, an adder, a
shadow imp and an orc.

Vanquished Creatures
  A water moccasin (D:5)
  Dowan (D:5)
  A howler monkey (D:3)
  3 worker ants
  An orc wizard (D:4)
  4 adders
  3 oozes
  2 dart slugs
  2 worms
  4 leopard geckos
  7 orcs
  2 giant cockroaches (D:1)
  5 goblins
  9 hobgoblins
  6 jackals
  2 ball pythons
  14 bats
  A frilled lizard (D:1)
  7 kobolds
  A leopard gecko skeleton (D:4)
  5 rats
81 creatures vanquished.

Notes
Turn   | Place    | Note
-------+----------+-------------------------------------------
     0 | D:1      | kae the Draconian Air Elementalist began the quest for the
                  | Orb.
     0 | D:1      | Reached XP level 1. HP: 14/14 MP: 3/3
   332 | D:1      | Reached XP level 2. HP: 20/20 MP: 1/5
  1265 | D:2      | Learned a level 2 spell: Swiftness
  1276 | D:2      | Reached XP level 3. HP: 26/26 MP: 4/6
  1689 | D:2      | Reached skill level 4 in Air Magic
  2309 | D:3      | Reached XP level 4. HP: 33/33 MP: 3/7
  2418 | D:3      | Learned a level 3 spell: Static Discharge
  2977 | D:4      | Reached XP level 5. HP: 28/38 MP: 1/9
  3370 | D:4      | Reached skill level 5 in Air Magic
  3405 | D:4      | Found a snail-covered altar of Cheibriados.
  3579 | D:4      | Noticed a phantom
  4064 | D:5      | Entered Level 5 of the Dungeon
  4073 | D:5      | Learned a level 4 spell: Airstrike
  4078 | D:5      | Noticed a water moccasin
  4105 | D:5      | Killed a water moccasin
  4105 | D:5      | Reached XP level 6. HP: 44/45 MP: 1/11
  4199 | D:5      | Noticed Dowan
  4199 | D:5      | Noticed Duvessa
  4228 | D:5      | Killed Dowan
  4452 | D:5      | Found a glowing golden altar of the Shining One.
  4452 | D:5      | Noticed Grinder
  4452 | D:5      | Noticed Menkaure
  4456 | D:5      | Found a hazy altar of Hepliaklqana.
  4456 | D:5      | Noticed a sky beast
  4458 | D:5      | Noticed Prince Ribbit
  4468 | D:5      | Mangled by Prince Ribbit

Levels and vault maps discovered:
D:1:      dpeg_arrival_erosion, layout_loops_corners
D:2:      layout_loops_ring
D:3:      layout_loops_ring, first_ration, st_stairs_8
D:4:      layout_loops_cross, kennysheep_slug_shrine
D:5:      layout_cave_pools, old_standard_altar, overflow_temple_1_default,
          uniq_grinder, uniq_duvessa, uniq_menkaure, uniq_prince_ribbit1

Skill      XL: |  1  2  3  4  5 |
---------------+----------------+-----
Conjurations   | 2 3 |  3.0
Air Magic      | 4 5 |  5.9
Spellcasting   | 3 |  3.7
Dodging        | |  1.7
Stealth        | |  1.7

Action                   |  1- 3 |  4- 6 || total
-------------------------+-------+-------++-------
Melee: Short sword       |    34 |       ||    34
       Unarmed           |     4 |       ||     4
       Tailslap          |    11 |     7 ||    18
       Dagger            |    38 |    83 ||   121
 Cast: Shock             |    53 |    72 ||   125
       Static Discharge  |       |     5 ||     5
       Swiftness         |       |     2 ||     2
  Use: Scroll            |     5 |     8 ||    13
       Potion            |       |     7 ||     7
 Stab: Sleeping          |     3 |     3 ||     6
  Eat: Chunk             |     5 |     7 ||    12
Armor: Skin              |    18 |    28 ||    46
Dodge: Dodged            |    63 |    58 ||   121

Table legend:
 A = Non-vault XP
 B = Vault XP
 C = Vault XP percentage of total XP
 D = Non-vault monster count
 E = Vault monster count
 F = Vault count percentage of total count
                 A         B        C        D         E       F
            +---------+---------+-------+---------+---------+-------
      Total |     528 |      73 |  12.1 |      78 |       3 |   3.7
            +---------+---------+-------+---------+---------+-------
        D:1 |      40 |       0 |   0.0 |      23 |       0 |   0.0
        D:2 |      46 |       0 |   0.0 |       9 |       0 |   0.0
        D:3 |     126 |       3 |   2.3 |      28 |       1 |   3.4
        D:4 |     139 |       4 |   2.8 |      13 |       1 |   7.1
        D:5 |     177 |      66 |  27.2 |       5 |       1 |  16.7
            +---------+---------+-------+---------+---------+-------
